 Dungeon Crawl Stone Soup version 0.30.1-4-g462c640d31 (webtiles) character file.

Game seed: 10149456348065651842

1607 Peloso the Slasher (level 8, 0/68 HPs)
             Began as a Ghoul Fighter on Sept 6, 2023.
             Was an Initiate of Okawaru.
             Slain by a water moccasin (10 damage)
             ... on level 6 of the Dungeon.
             The game lasted 00:10:16 (5483 turns).

Peloso the Slasher (Ghoul Fighter)                  Turns: 5483, Time: 00:10:17

Health: 0/68       AC: 11    Str: 20    XL:     8   Next: 95%
Magic:  7/7        EV:  8    Int:  3    God:    Okawaru [......]
Gold:   243        SH:  4    Dex: 10    Spells: 7/7 levels left

rFire   . . .        a - +0 long sword (chaos)
rCold   + . .        d - +0 buckler
rNeg    + + +        c - +0 chain mail
rPois   ∞            e - +0 helmet
rElec   .            (no cloak)
rCorr   +            (no gloves)
SInv    .            (no boots)
Will    .....        (no amulet) Stlth
                     t - ring of resist corrosion
HPRegen 0.00/turn    (no ring)
MPRegen 0.10/turn

%: no passive effects
@: inhibited regen
A: claws 1, cold resistance 1, negative energy resistance 3, inhibited
regeneration, torment resistance 2, devour on kill
a: Renounce Religion


You were on level 6 of the Dungeon.
You worshipped Okawaru.
Okawaru was noncommittal.
You visited 2 branches of the dungeon, and saw 7 of its levels.

You collected 243 gold pieces.

Inventory:

Hand Weapons
 a - a +0 long sword of chaos (weapon)
 b - a +2 spear of flaming
Armour
 c - a +0 chain mail (worn)
 d - a +0 buckler (worn)
 e - a +0 helmet (worn)
Jewellery
 o - an amulet of faith
 t - a ring of resist corrosion (left claw)
Wands
 n - a wand of iceblast (10)
 u - a wand of flame (8)
Scrolls
 f - 2 scrolls of amnesia
 g - 3 scrolls of identify {unknown}
 h - 2 scrolls of fear
 j - 4 scrolls of teleportation
 k - a scroll of noise {unknown}
 m - a scroll of butterflies {unknown}
 p - 2 scrolls of silence
 r - a scroll of enchant armour {unknown}
Potions
 i - 3 potions of might
 l - 2 potions of attraction {unknown}
 q - 2 potions of heal wounds {unknown}
 s - 3 potions of curing
 v - a potion of berserk rage {unknown}
 w - a potion of haste


   Skills:
 + Level 5.3 Fighting
 + Level 6.7 Long Blades
 + Level 5.8 Armour
 + Level 2.1 Dodging
 + Level 0.3 Stealth
 + Level 4.3 Shields


You had 7 spell levels left.
You didn't know any spells.
Your spell library contained the following spells:

 Spells                   Type           Power      Damage    Failure   Level
 Apportation              Tloc           0%         N/A       99%         1
 Freeze                   Ice            0%         1d3       99%         1
 Necrotise                Necr           0%         1d4       99%         1
 Slow                     Hex            0%         N/A       99%         1
 Ensorcelled Hibernation  Hex/Ice        0%         N/A       100%        2
 Confusing Touch          Hex            0%         N/A       100%        3
 Frozen Ramparts          Ice            0%         1d1       100%        3
 Hailstorm                Conj/Ice       0%         3d3       100%        3
 Vampiric Draining        Necr           0%         2d6       100%        3
 Anguish                  Hex/Necr       0%         N/A       100%        4
 Summon Small Mammal      Summ           Unusable   N/A       N/A         1
 Spider Form              Tmut/Pois      Unusable   N/A       N/A         3

Dungeon Overview and Level Annotations

Branches:
Dungeon (6/15)             Temple (1/1) D:6

Altars:
Gozag
Kikubaaqudgha
Okawaru

Shops:
D:4 [

Annotations:
D:4 2 transporters, Sensen's ghost, novice KoHu


Innate Abilities, Weirdness & Mutations

You are immune to poison.
You have sharp fingernails.
Your flesh is cold resistant. (rC+)
You are immune to negative energy. (rN+++)
You do not regenerate when monsters are visible.
You are immune to unholy pain and torment.
You thrive by killing the living.


Message History

The water moccasin barely misses you.
You closely miss the water moccasin.
The water moccasin is moderately wounded.
The water moccasin bites you but does no damage.
The water moccasin bites you.
You barely miss the water moccasin.
The water moccasin is moderately wounded.
The water moccasin bites you. The water moccasin barely misses you.
You completely miss the water moccasin.
The water moccasin is moderately wounded.
You block the water moccasin's attack.
You slash the water moccasin!
The water moccasin goes berserk!
The water moccasin is severely wounded.
The water moccasin bites you.
The water moccasin bites you but does no damage.
You hit the water moccasin but do no damage.
The water moccasin is severely wounded.
The water moccasin bites you but does no damage.
You block the water moccasin's attack. The water moccasin barely misses you.
You closely miss the water moccasin.
The water moccasin is severely wounded.
The water moccasin bites you! x2
* * * LOW HITPOINT WARNING * * *
You completely miss the water moccasin.
The water moccasin is heavily wounded.
You block the water moccasin's attack. The water moccasin barely misses you.
The water moccasin bites you!
* * * LOW HITPOINT WARNING * * *
You miss the water moccasin.
The water moccasin is heavily wounded.
The water moccasin barely misses you. The water moccasin bites you.
* * * LOW HITPOINT WARNING * * *
You closely miss the water moccasin.
The water moccasin is heavily wounded.
The water moccasin barely misses you.
The water moccasin bites you but does no damage.
You barely miss the water moccasin.
The water moccasin is heavily wounded.
The water moccasin bites you!
You die...

...###.....#
#......#
..#.#.#....#
###.##.##.
#...#...####
#..........
#÷..#..##
#.####.....
......#
###.#### .##.
##.#.##
##......# #
##.###
#......#[#
....
#.#.#..#.##.#
.###. #
#.#..@....#
.# .
..##S#.####
~. . .# #.#.#
... #. .....
..# . .......
#..#..#.#
#..#.##.# #..
.#


You could see a water moccasin (berserk, agile).

Vanquished Creatures
  Pikel (D:4)
  Menkaure (D:5)
  4 lemures
  Blork the orc (D:5)
  4 scorpions
  A howler monkey (D:3)
  2 jellies
  2 orc priests
  6 hounds
  4 iguanas (D:5)
  Ijyb (D:5)
  3 orc wizards
  7 adders
  3 gnolls (D:2)
  2 ufetubi
  3 worms
  3 dart slugs
  10 orcs
  9 ball pythons
  7 bats
  11 endoplasms
  7 goblins
  5 hobgoblins
  8 kobolds
  3 rats
108 creatures vanquished.

Notes
Turn   | Place    | Note
-------+----------+-------------------------------------------
     0 | D:1      | Peloso the Ghoul Fighter began the quest for the Orb.
     0 | D:1      | Reached XP level 1. HP: 19/19 MP: 0/0
   306 | D:1      | You fall into a shaft and drop 1 floor!
   325 | D:2      | Reached XP level 2. HP: 21/26 MP: 1/1
   529 | D:2      | Reached skill level 2 in Long Blades
   529 | D:2      | Reached XP level 3. HP: 31/31 MP: 2/2
   582 | D:1      | HP: 1/33 [adder (3)]
  1222 | D:2      | Reached XP level 4. HP: 39/40 MP: 3/3
  1884 | D:3      | HP: 2/40 [worm (3)]
  2068 | D:3      | Reached XP level 5. HP: 46/46 MP: 4/4
  2220 | D:3      | Reached skill level 3 in Long Blades
  2580 | D:4      | Noticed a lemure
  2580 | D:4      | Noticed a lemure
  2580 | D:4      | Noticed a lemure
  2614 | D:3      | Killed a lemure
  2624 | D:3      | Reached skill level 1 in Dodging
  2624 | D:3      | Reached XP level 6. HP: 26/52 MP: 5/5
  2996 | D:4      | Noticed Pikel
  3026 | D:4      | Killed Pikel
  3027 | D:4      | Reached skill level 4 in Long Blades
  3027 | D:4      | Reached XP level 7. HP: 43/60 MP: 6/6
  3110 | D:4      | Found a transporter.
  3158 | D:4      | Found Zutzuagi's Antique Armour Emporium.
  3284 | D:4      | Reached skill level 5 in Long Blades
  3284 | D:4      | Found an opulent altar of Gozag.
  3365 | D:4      | Noticed Sensen's ghost (novice KoHu)
  3408 | D:4      | Found a transporter.
  3689 | D:5      | Entered Level 5 of the Dungeon
  3718 | D:5      | Reached XP level 8. HP: 51/67 MP: 7/7
  3908 | D:5      | Noticed Menkaure
  3925 | D:5      | Killed Menkaure
  3926 | D:5      | Reached skill level 5 in Armour
  4106 | D:5      | Noticed Ijyb
  4117 | D:5      | Killed Ijyb
  4118 | D:5      | Reached skill level 6 in Long Blades
  4246 | D:5      | Reached skill level 5 in Fighting
  4435 | D:5      | Noticed Blork the orc
  4456 | D:5      | Killed Blork the orc
  5071 | D:6      | Found a staircase to the Ecumenical Temple.
  5369 | Temple   | Entered the Ecumenical Temple
  5392 | Temple   | Became a worshipper of Warmaster Okawaru
  5483 | D:6      | Slain by a water moccasin

Illustrated notes

Levels and vault maps discovered:
D:1:      tarquinn_simple_flora_water_a, layout_basic
D:2:      layout_loops_ring
D:3:      layout_basic, minmay_fractal_squares_5
D:4:      layout_basic, lemuel_crystal_altar, serial_shops, shop,
          gammafunk_ghost_arena, uniq_pikel
D:5:      wad_lake_hut, layout_loops_cross, minmay_misc_feat_hallway,
          uniq_menkaure, uniq_ijyb, uniq_blork_the_orc
D:6:      layout_loops_cross, mainiacjoe_overflow_catwalk_spiral,
          minmay_temple_entry_arrows, serial_rivers,
          chequers_serial_rivers_large_a, chequers_serial_rivers_micro_d,
          chequers_serial_rivers_marsh, chequers_serial_rivers_small_b,
          chequers_serial_rivers_micro_c, uniq_maggie
Temple:   mainiacjoe_temple_bowtie_tessellation

Skill      XL: |  1  2  3  4  5  6  7  8 |
---------------+-------------------------+-----
Shields        | 3 4 |  4.3
Long Blades    | 2 3 4 5 6 |  6.7
Armour         | 3 4 5 |  5.8
Fighting       | 4 5 |  5.3
Dodging        | 1 2 |  2.1
Stealth        | |  0.3

Action                     |  1- 3 |  4- 6 |  7- 9 || total
---------------------------+-------+-------+-------++-------
  Melee: Long sword        |    88 |   159 |   260 ||   507
    Use: Potion            |     1 |     4 |       ||     5
         Scroll            |       |     6 |       ||     6
 Armour: Scale mail        |    12 |       |       ||    12
         Chain mail        |    58 |   141 |   171 ||   370
  Dodge: Dodged            |    50 |    91 |   115 ||   256
  Block: Buckler           |    21 |    46 |    48 ||   115
